 Seeded DCSS version 0.30.1-1-g62c8e00024 (webtiles) character file.

Game seed: 20230711 (custom seed)

42 CInkIbrahim the Slasher (level 3, 29/29 HPs)
             Began as a Demigod Gladiator on July 16, 2023.
             Quit the game on level 2 of the Dungeon.
             The game lasted 00:00:47 (1057 turns).

CInkIbrahim the Slasher (Demigod Gladiator)         Turns: 1057, Time: 00:00:47

Health: 29/29      AC:  4    Str: 15    XL:     3   Next: 17%
Magic:  5/5        EV: 12    Int: 10    God:
Gold:   120        SH:  0    Dex: 19    Spells: 2/2 levels left

rFire   . . .        a - +0 long sword
rCold   . . .        (no shield)
rNeg    . . .        b - +0 leather armour
rPois   .            c - +0 helmet
rElec   .            (no cloak)
rCorr   .            (no gloves)
SInv    .            (no boots)
Will    .....        (no amulet)
Stlth   +            (no ring)
HPRegen 0.24/turn    (no ring)
MPRegen 0.09/turn

%: no passive effects
@: no status effects
A: high MP 1, forlorn, divine attributes
a: no special abilities


You were on level 2 of the Dungeon.
You visited 1 branch of the dungeon, and saw 2 of its levels.

You collected 120 gold pieces.

Inventory:

Hand Weapons
 a - a +0 long sword (weapon)
Missiles
 d - 3 throwing nets (quivered)
 e - a javelin
Armour
 b - a +0 leather armour (worn)
 c - a +0 helmet (worn)
Scrolls
 f - a scroll of teleportation {unknown}
 g - a scroll of brand weapon {unknown}
 h - a scroll of magic mapping {unknown}
 j - a scroll of identify {unknown}
 k - a scroll of fear
 l - a scroll of poison {unknown}
 m - a scroll of acquirement
Potions
 i - a potion of curing {unknown}


   Skills:
 - Level 1.7 Fighting
 + Level 4.0 Long Blades
 - Level 1.7 Throwing
 - Level 2.6 Dodging


You had 2 spell levels left.
You didn't know any spells.
Your spell library contained the following spells:

 Spells                   Type           Power      Damage    Failure   Level
 Animate Dead             Necr           0%         N/A       99%         4
 Haunt                    Necr/Summ      0%         N/A       100%        7
 Infestation              Necr           0%         N/A       100%        8


Dungeon Overview and Level Annotations

Branches:
Dungeon (2/15)


Innate Abilities, Weirdness & Mutations

You have an increased reservoir of magic. (+10% MP)
You shall have no god before yourself.
Your divine heritage dramatically boosts your attributes as you level up.


Message History

The hobgoblin misses you.
A hobgoblin is nearby!
You closely miss the hobgoblin.
The hobgoblin is moderately wounded.
The hobgoblin closely misses you.
A hobgoblin is nearby!
You slash the hobgoblin!
You kill the hobgoblin!
A dart slug comes into view.
A dart slug is nearby!
A dart slug is nearby!
You hit the dart slug.
The dart slug is moderately wounded.
The dart slug briefly extends its eye-stalks.
The dart slug bites you.
A dart slug is nearby!
You slash the dart slug!
You kill the dart slug!
HP restored.
You see here a dart slug corpse.
A rat comes into view.
A rat is nearby!
You hit the rat.
You kill the rat!
k - 2 scrolls labelled MAROGO FIPE No target in view!
As you read the scroll labelled MAROGO FIPE, it crumbles to dust.
You assume a fearsome visage.
Nothing appears to happen.
It was a scroll of fear.
You open the door.
There is an open door here.
Found a stone staircase leading down.
No target in view!
l - a scroll labelled COLORU KAMAA No target in view!
m - 2 scrolls labelled EJANEASHRUR No target in view!
This is a scroll of acquirement!
Something appears at your feet!
Are you sure you want to abandon this character and quit the game? (Confirm with "yes".)

#.###.# #####.#
##...#.###...#.###
................>#
<....#'###.#.#.#.#
####....##.#.#.#.#
........##.#...#.#
#.##....##.#####.#
# #....##.......#
#....########@#
###.## #.# #.# #.#
#.# #.# ... #.# ##
#.# #.# ..#


There were no monsters in sight!

Vanquished Creatures
  3 dart slugs
  5 ball pythons (D:1)
  4 endoplasms (D:1)
  5 goblins (D:1)
  4 hobgoblins
  5 kobolds
  A quokka (D:1)
  7 rats
34 creatures vanquished.

Notes
Turn   | Place    | Note
-------+----------+-------------------------------------------
     0 | D:1      | CInkIbrahim the Demigod Gladiator began the quest for the
                  | Orb.
     0 | D:1      | Reached XP level 1. HP: 17/17 MP: 3/3
    18 | D:1      | Reached skill level 3 in Long Blades
   161 | D:1      | Reached XP level 2. HP: 24/24 MP: 4/4
   630 | D:1      | Reached XP level 3. HP: 29/29 MP: 5/5
   927 | D:2      | Reached skill level 4 in Long Blades
  1056 | D:2      | Identified 2 scrolls of acquirement
  1056 | D:2      | Acquired 733 gold pieces
  1057 | D:2      | Quit the game

Illustrated notes

Levels and vault maps discovered:
D:1:      onia_arrival_handbag, layout_basic, minivault_19, minmay_cupped
D:2:      layout_basic, minmay_joined_circles

Skill      XL: |  1  2  3 |
---------------+----------+-----
Long Blades    | 3 4 |  4.0
Fighting       | |  1.7
Throwing       | |  1.7
Dodging        | |  2.6

Action                     || total
---------------------------++-------
  Melee: Long sword        ||    77
         Punch             ||     1
    Use: Scroll            ||     2
   Stab: Sleeping          ||     3
 Armour: Leather armour    ||    21
  Dodge: Dodged            ||    46
